Map: Temple gelé

Players

WghostZ

  • Race: Zerg Zerg
  • Spawn Location: 11:00

zidar - Winner!

  • Race: Zerg Zerg
  • Spawn Location: 5:00

VOD

Have the link to the VOD?

Description

Time

  • Played on: Oct. 19, 2016, 10:37 a.m.
  • Length: 4:01
Show
View Real Time Build Order
Export as new Build Order

WghostZ Zerg 

Build Orders: Pool First 

Get SALT Encoding   

  12  0:01  Drone  
  13  0:08  Drone  
  14  0:22  Extractor, Drone  
  14  0:23  Extractor, Drone  
  16  0:30  Overlord  
  16  0:52  Spawning Pool  
  16  0:55  Extractor, Drone x2  
  16  0:57  Drone  
  17  1:07  Drone  
  18  1:17  Drone  
  19  1:30  Hatchery  
  18  1:34  Drone  
  19  1:40  Zergling x2  
  20  1:48  Queen  
  22  1:56  Overlord  
  22  2:15  Zergling x4  
  24  2:25  Queen  
  24  2:28  Drone  
  27  2:33  Overlord  
  27  2:37  Metabolic Boost  
  28  2:51  Drone  
  28  2:54  Drone x3  
  28  2:55  Queen  
  33  3:08  Roach Warren  
  33  3:11  Extractor  
  33  3:12  Drone x2  
  33  3:15  Drone  
  34  3:33  Zergling x2  
  34  3:34  Zergling x10  
  36  3:40  Zergling x2  
  37  3:41  Zergling x4  
Show
View Real Time Build Order
Export as new Build Order

zidar Zerg - Winner!

Build Orders: 1 Base Baneling Bust, Pool Only 

Get SALT Encoding   

  12  0:01  Drone  
  13  0:12  Overlord  
  13  0:18  Drone  
  14  0:29  Extractor  
  14  0:30  Drone  
  14  0:31  Drone  
  15  0:49  Spawning Pool  
  14  1:03  Overlord  
  14  1:06  Overlord  
  14  1:36  Metabolic Boost  
  14  1:38  Queen  
  16  1:41  Zergling x2  
  16  1:44  Zergling x2  
  18  1:49  Zergling x2  
  19  1:54  Zergling x2  
  20  2:04  Zergling x2  
  21  2:15  Zergling x2  
  22  2:28  Baneling Nest, Zergling x2  
  22  2:50  Zergling x10  
  27  3:16  Zergling x4  
Tags
 
Add a new tag
Caveats
  • Supply blocks, unpowered buildings, or Contaminate may cause inaccurate times.
  • Supply counts are checked every 10 seconds.